 Dungeon Crawl Stone Soup version 0.27.0-1-g7a089689b8 (webtiles) character file.

Game seed: 1022801059987622429

1007 rogsnak the Bolt Thrower (level 8, 0/63 HPs)
             Began as a Barachi Hunter on Aug 10, 2021.
             Slain by a red devil (18 damage)
             ... summoned by a kobold demonologist
             ... on level 5 of the Dungeon.
             The game lasted 00:13:59 (4495 turns).

rogsnak the Bolt Thrower (Barachi Hunter)           Turns: 4495, Time: 00:14:00

Health: 0/63       AC:  9    Str: 16    XL:     8   Next: 20%
Magic:  0/0        EV: 13    Int: 11    God:
Gold:   149        SH:  0    Dex: 13    Spells: 7/7 levels left

rFire    . . .     SeeInvis .   e - +2 dagger (venom)
rCold    . . .     Faith    .   (no shield)
rNeg     + . .     Spirit   .   G - +3 leather armour of Intercession {Will+ rCorr MP-9}
rPois    .         Reflect  .   (no helmet)
rElec    .         Harm     .   (no cloak)
rCorr    +         Rampage  .   (no gloves)
Will     +....                  s - +2 pair of boots
Stlth    ++........             l - amulet of regeneration
HPRegen  1.20/turn              F - ring of positive energy
MPRegen  0.07/turn              (no ring)

@: slow
A: amphibious, slowness 1, strong legs 1, +LOS
a: Hop


You were on level 5 of the Dungeon.
You visited 2 branches of the dungeon, and saw 6 of its levels.

You collected 149 gold pieces.

Inventory:

Hand Weapons
 a - a +1 hand crossbow
 b - a +0 short sword
 e - a +2 dagger of venom (weapon)
 n - a +0 dagger of draining
Missiles
 d - 34 bolts
 f - 41 stones (quivered)
 x - 16 poisoned darts
Armour
 c - a +0 leather armour
 s - a +2 pair of boots (worn)
 u - a +2 scale mail of cold resistance
 G - the +3 leather armour of Intercession (worn) {Will+ rCorr MP-9}
   (You found it on level 5 of the Dungeon)

   MP:        It affects your magic capacity (-9).
   rCorr:     It protects you from acid and corrosion.
   Will:      It increases your willpower.
Jewellery
 l - an amulet of regeneration (around neck)
 C - a +6 ring of intelligence
 F - a ring of positive energy (left hand)
Scrolls
 h - 6 scrolls of identify {unknown}
 j - a scroll of fear {unknown}
 k - 2 scrolls of teleportation {unknown}
 m - a scroll of fog {unknown}
 p - a scroll of summoning {unknown}
 q - a scroll of amnesia {unknown}
 t - a scroll of vulnerability {unknown}
 v - 2 scrolls of immolation {unknown}
 y - a scroll of enchant armour {unknown}
 D - 3 scrolls of enchant weapon {unknown}
Potions
 g - 4 potions of curing {unknown}
 i - a potion of flight {unknown}
 o - 2 potions of lignification {unknown}
 r - a potion of berserk rage {unknown}
 w - a potion of brilliance {unknown}
 z - a potion of heal wounds {unknown}
 A - a potion of invisibility {unknown}
 B - a potion of mutation {unknown}
 E - 2 potions of might {unknown}


   Skills:
 + Level 5.4 Fighting
 - Level 0.3 Short Blades
 + Level 6.4 Crossbows
 + Level 4.3 Armour
 + Level 4.7 Dodging
 + Level 3.4 Stealth


You had 7 spell levels left.
You didn't know any spells.
Your spell library contained the following spells:

 Spells                   Type           Power      Damage    Failure   Level
 Ozocubu's Armour         Ice            0%         N/A       77%         3
 Fireball                 Conj/Fire      0%         3d3       100%        5
 Iskenderun's Battlesphe  Conj           0%         2d6       100%        5
 Metabolic Englaciation   Hex/Ice        0%         N/A       100%        5
 Conjure Ball Lightning   Conj/Air       0%         3x3d6     100%        6
 Simulacrum               Ice/Necr       0%         N/A       100%        6
 Orb of Destruction       Conj           0%         N/A       100%        7


Dungeon Overview and Level Annotations

Branches:
Dungeon (5/15)             Temple (1/1) D:4

Altars:
Cheibriados
Dithmenos
Elyvilon
Fedhas
Gozag
Kikubaaqudgha
Makhleb
Nemelex Xobeh
Qazlal
Trog
Vehumet
Yredelemnul
Zin
Lugonu

Shops:
D:5 (


Innate Abilities, Weirdness & Mutations

You are amphibious.
You cover ground slowly.
You can hop short distances.
You have an extended range of vision and can be seen from far away.


Message History

The kobold demonologist looks as sick as possible!
The kobold demonologist is heavily wounded.
The white imp hits you. The white imp freezes you.
The kobold demonologist gestures wildly while chanting.
You barely miss the kobold demonologist.
The kobold demonologist is heavily wounded.
The white imp misses you.
Unknown command.
You hit the kobold demonologist but do no damage.
The kobold demonologist looks as sick as possible!
The kobold demonologist is heavily wounded.
The red devil misses you. The kobold demonologist misses you.
The white imp hits you but does no damage.
Unknown command.
You barely miss the kobold demonologist.
The kobold demonologist is severely wounded.
The kobold demonologist barely misses you.
The red devil hits you from afar with a +0 trident!
The white imp gestures at you. The puff of frost hits you.
Unknown command.
You hit the kobold demonologist.
The kobold demonologist looks as sick as possible!
The kobold demonologist is severely wounded.
The red devil closely misses you. The kobold demonologist misses you.
The white imp gestures at you. The puff of frost hits you!
Unknown command.
You hit the kobold demonologist but do no damage.
The kobold demonologist is almost dead.
The red devil hits you from afar with a +0 trident!!
* * * LOW HITPOINT WARNING * * *
The kobold demonologist completely misses you.
The white imp barely misses you.
Unknown command.
You closely miss the kobold demonologist.
The kobold demonologist is almost dead.
The kobold demonologist hits you but does no damage.
The red devil hits you from afar with a +0 trident!!
You die...

#. #.##. .#.#.#######
#.# #. #..
####.##.#.#.#[# #.#
#.##..##!.......#. #.#
#.#
........##.##.#.###.#
#.#
.(.....##..........#
#.# #..#K..#.♣.♣.♣.♣..#
#.# #.(.......#.⌠.#...#
#..(.....♣.♣5♣.♣..#
#....(.<(.5K@.⌠...#
##.......♣.♣.♣.♣..#
.#####........#.4.#...#
...........#.♣)♣.♣.♣..#
##.###..####..........#
..... ####.#####.#
#.##... #.# .# #... #.#
#... #.


You could see a kobold demonologist (extremely poisoned), a red devil
(summoned), a quasit (summoned) and a white imp (summoned).

Vanquished Creatures
  Grinder (D:4)
  Sigmund (D:2)
  An ogre (D:5)
  A howler monkey (D:4)
  A bullfrog zombie (D:5)
  2 jellies
  2 hounds (D:4)
  A centaur skeleton (D:5)
  A gnoll shaman (D:4)
  2 orc wizards (D:5)
  Terence (D:2)
  A hound zombie (D:5)
  2 hound skeletons (D:4)
  4 gnolls (D:4)
  7 adders
  A shadow imp (D:5)
  An adder skeleton (D:4)
  A dart slug (D:4)
  7 orcs
  8 endoplasms
  3 giant cockroaches
  7 goblins
  10 hobgoblins
  12 jackals
  12 kobolds
  3 quokkas
  10 ball pythons
  4 bats
  4 frilled lizards
  8 rats
119 creatures vanquished.

Notes
Turn   | Place    | Note
-------+----------+-------------------------------------------
     0 | D:1      | rogsnak the Barachi Hunter began the quest for the Orb.
     0 | D:1      | Reached XP level 1. HP: 17/17 MP: 1/1
     2 | D:1      | Noticed a felid
     2 | D:1      | Noticed a barachi
     4 | D:1      | Noticed an ogre
     4 | D:1      | Noticed a human
     6 | D:1      | Noticed a demonspawn
     6 | D:1      | Noticed a vampire
     8 | D:1      | Noticed a naga
     8 | D:1      | Noticed a djinni
    10 | D:1      | Noticed a spriggan
    10 | D:1      | Noticed a dwarf
    12 | D:1      | Noticed a ghoul
    12 | D:1      | Noticed a minotaur
    14 | D:1      | Noticed a draconian
    14 | D:1      | Noticed a formicid
    16 | D:1      | Noticed a demigod
    16 | D:1      | Noticed a troll
    18 | D:1      | Noticed an elf
    20 | D:1      | Noticed a vine stalker
    20 | D:1      | Noticed a palentonga
    22 | D:1      | Noticed a gargoyle
    22 | D:1      | Noticed a merfolk
    24 | D:1      | Noticed an octopode
    26 | D:1      | Noticed a tengu
    33 | D:1      | Found a faded altar of an unknown god.
    86 | D:1      | Reached XP level 2. HP: 17/23 MP: 2/2
   518 | D:1      | Reached skill level 1 in Armour
   549 | D:1      | Reached skill level 1 in Stealth
   894 | D:1      | Reached XP level 3. HP: 20/28 MP: 3/3
  2047 | D:2      | Reached XP level 4. HP: 29/35 MP: 4/4
  2202 | D:2      | Noticed Terence
  2216 | D:2      | Killed Terence
  2407 | D:2      | Noticed Sigmund
  2411 | D:2      | Killed Sigmund
  2412 | D:2      | Reached skill level 5 in Crossbows
  2412 | D:2      | Reached XP level 5. HP: 42/42 MP: 5/5
  2412 | D:2      | Reached XP level 6. HP: 48/48 MP: 6/6
  2755 | D:3      | Found a burning altar of Makhleb.
  3006 | D:3      | Found an opulent altar of Gozag.
  3307 | D:4      | Found a staircase to the Ecumenical Temple.
  3317 | Temple   | Entered the Ecumenical Temple
  3547 | D:4      | Reached XP level 7. HP: 54/54 MP: 7/7
  3723 | D:4      | Noticed Grinder
  3739 | D:4      | Paralysed by Grinder for 4 turns
  3746 | D:4      | Killed Grinder
  3870 | D:4      | Reached skill level 5 in Fighting
  4145 | D:5      | Entered Level 5 of the Dungeon
  4145 | D:5      | Found Quserhas's Antique Weapon Boutique.
  4170 | D:5      | Reached skill level 6 in Crossbows
  4170 | D:5      | Reached XP level 8. HP: 34/62 MP: 8/8
  4210 | D:5      | Noticed a kobold demonologist
  4447 | D:5      | Identified the +3 leather armour of Intercession {Will+
                  | rCorr MP-9}
  4490 | D:5      | Noticed a red devil
  4495 | D:5      | Slain by a red devil

Illustrated notes

Levels and vault maps discovered:
D:1:      kb_arrival_jail, layout_basic, shapermc_ecumenical_altar_mp_highgroup
D:2:      layout_loops_ring, uniq_terence, uniq_sigmund
D:3:      layout_loops_ring, mainiacjoe_overflow_tiny_flanked,
          lemuel_doored_altar
D:4:      layout_rooms, minmay_temple_entry_junction, grunt_decor_clamped,
          minivault_1, uniq_grinder
D:5:      layout_loops_ring, nicolae_overflow_hidden_temple,
          minmay_shop_grid_forest
Temple:   kb_corrupted_temple

Skill      XL: |  1  2  3  4  5  6  7 |
---------------+----------------------+-----
Armour         | 1 3 4 |  4.3
Stealth        | 1 2 3 |  3.4
Fighting       | 3 4 5 |  5.4
Crossbows      | 5 6 |  6.4
Dodging        | 3 4 |  4.7
Short Blades   | |  0.3

Action                   |  1- 3 |  4- 6 |  7- 9 || total
-------------------------+-------+-------+-------++-------
Melee: Short sword       |   105 |     7 |       ||   112
       Dagger            |       |   146 |   119 ||   265
 Fire: Hand crossbow     |    32 |    22 |    40 ||    94
 Abil: Hop               |       |       |     1 ||     1
 Stab: Sleeping          |     3 |     5 |       ||     8
Armor: Leather armour    |    23 |    39 |    50 ||   112
Dodge: Dodged            |    87 |    81 |   106 ||   274
